 Dungeon Crawl Stone Soup version 0.22-a0-608-g8a62e23 (webtiles) character file.

4 Hebeh the Firebug (level 1, 0/10 HPs)
             Began as a Deep Elf Fire Elementalist on July 9, 2018.
             Slain by a kobold
             ... wielding a +0 dagger
              (2 damage)
             ... on level 1 of the Dungeon.
             The game lasted 00:01:00 (70 turns).

Hebeh the Firebug (Deep Elf Fire Elementalist)        Turns: 70, Time: 00:01:00

Health: 0/10       AC:  2    Str:  5    XL:     1   Next: 58%
Magic:  2/6        EV: 13    Int: 19    God:
Gold:   18         SH:  2    Dex: 15    Spells: 5/6 levels left

rFire    . . .     SeeInvis .   e - +0 short sword (speed)
rCold    . . .     Gourm    .   (no shield)
rNeg     . . .     Faith    .   a - +0 robe
rPois    .         Spirit   .   (no helmet)
rElec    .         Reflect  +   (no cloak)
rCorr    .         Harm     .   (no gloves)
MR       .....                  (no boots)
Stlth    ++........             d - +2 amulet of reflection
HPRegen  0.03/turn              (no ring)
MPRegen  0.10/turn              (no ring)

@: very slightly contaminated
A: no striking features
a: no special abilities


You were on level 1 of the Dungeon.
You were not hungry.

You visited 1 branch of the dungeon, and saw 1 of its levels.

You collected 18 gold pieces.

Inventory:

Hand Weapons
 e - a +0 short sword of speed (weapon)
Armour
 a - a +0 robe (worn)
Jewellery
 d - a +2 amulet of reflection (around neck)
Scrolls
 b - a scroll of enchant armour {unknown}
Comestibles
 c - a ration
 f - 4 chunks of flesh


   Skills:
 + Level 0.1 Fighting
 - Level 2.4 Dodging
 - Level 2.4 Stealth
 * Level 3.1 Spellcasting
 * Level 1.3 Conjurations
 * Level 3.4 Fire Magic


You had 5 spell levels left.
You knew the following spells:

 Your Spells              Type           Power        Failure   Level  Hunger
a - Flame Tongue          Conj/Fire      ##...        6%          1    None

Your spell library contained the following spells:

 Spells                   Type           Power        Failure   Level  Hunger
 Fireball                 Conj/Fire      ##........   85%         5    ######.
 Conjure Flame            Conj/Fire      ##......     17%         3    ###....
 Throw Flame              Conj/Fire      ##....       9%          2    ##.....
 Sticky Flame             Conj/Fire      ##......     50%         4    ####...
 Inner Flame              Hex/Fire       #.......     22%         3    ###....


Dungeon Overview and Level Annotations

Branches:
Dungeon (1/15)

Altars:


Message History

You hit the kobold but do no damage.
The kobold is severely wounded.
The kobold hits you but does no damage. The kobold hits you but does no damage.
A hobgoblin comes into view.
The kobold hits you with a dagger.
* * * LOW HITPOINT WARNING * * *
The kobold closely misses you.
Things that are here:
a short sword of speed; a kobold corpse
e - a short sword of speed The kobold barely misses you.
Wield which item (- for none, * to show all)? (? for menu, Esc to quit)
Your hands tingle!
e - a +0 short sword of speed (weapon)
You closely miss the kobold.
The kobold is severely wounded.
The hobgoblin shouts!
The kobold hits you with a dagger.
You die...

.. # .###.# .# ...
....... .# .##. #..
..#.. ####.##.##
#.###.#.. ##
.....#..###....... ..
##.#..#..#.......# .#
...#..#..#.#.##..#.####
...........(....@....g#
.#.#.....###.##K###.....
...#.....+...(..........
##.#.....####...###.....
#....##### #...# ..
###......# #...#
#.)....# #...# #...>..#
#...# ##+#....######


You could see a hobgoblin and a kobold.

Vanquished Creatures
  A giant cockroach (D:1)
  A hobgoblin (D:1)
  A kobold (D:1)
  A frilled lizard (D:1)
4 creatures vanquished.

Notes
Turn   | Place    | Note
-------+----------+-------------------------------------------
     0 | D:1      | Hebeh the Deep Elf Fire Elementalist began the quest for the Orb.
     0 | D:1      | Reached XP level 1. HP: 10/10 MP: 6/6
    70 | D:1      | Slain by a kobold

Vault maps used:
D:1:      roderic_dead_forest

Action                   || total
-------------------------++-------
Melee: Unarmed           ||     8
       Short sword       ||     1
 Cast: Flame Tongue      ||     8
Armor: Robe              ||     3
Dodge: Dodged            ||     6
Block: Other             ||     1

Table legend:
 A = Spawn XP
 B = Non-spawn XP
 C = Spawn XP percentage of total XP
 D = Spawn monster count
 E = Non-spawn monster count
 F = Spawn count percentage of total count
 G = Total turns spent on level
                    A         B        C        D         E        F      G
               +---------+---------+-------+---------+---------+-------+---------
         Total |       0 |       7 |   0.0 |       0 |       4 |   0.0 |    70
               +---------+---------+-------+---------+---------+-------+---------
           D:1 |       0 |       7 |   0.0 |       0 |       4 |   0.0 |    70
               +---------+---------+-------+---------+---------+-------+---------
